 Dungeon Crawl Stone Soup version 0.28.0-43-g3370ac3207 (webtiles) character file.

Game seed: 2077422212509460413

6300 nickcage the Bludgeoner (level 10, 0/88 HPs)
             Began as a Minotaur Fighter on Mar 7, 2022.
             Was a Follower of Qazlal.
             Succumbed to a black mamba's poison
             ... on level 1 of the Lair of Beasts.
             The game lasted 00:29:52 (11328 turns).

nickcage the Bludgeoner (Minotaur Fighter)         Turns: 11328, Time: 00:29:53

Health: 0/88       AC: 10    Str: 24    XL:     10   Next: 63%
Magic:  9/9        EV:  9    Int:  5    God:    Qazlal [*.....]
Gold:   496        SH:  6    Dex: 11    Spells: 9/9 levels left

rFire   . . .      SeeInvis .   j - +2 morningstar (protect)
rCold   . . .      Faith    .   c - +0 buckler
rNeg    . . .      Spirit   .   b - +0 scale mail
rPois   .          Reflect  .   (helmet restricted)
rElec   .          Harm     .   y - +1 cloak
rCorr   +          Rampage  .   (no gloves)
Will    .....                   (no boots)
Stlth   ..........              (no amulet)
HPRegen 0.24/turn               h - ring of resist corrosion
MPRegen 0.11/turn               (no ring)

@: lethally poisoned (0 -> -19)
A: horns 2, retaliatory headbutt
a: Renounce Religion


You were on level 1 of the Lair of Beasts.
You worshipped Qazlal.
Qazlal was aware of your devotion.
You visited 3 branches of the dungeon, and saw 11 of its levels.
You also visited: Sewer.

You collected 496 gold pieces.

Inventory:

Hand Weapons
 j - a +2 morningstar of protection (weapon)
Missiles
 r - 49 poisoned darts (quivered)
Armour
 b - a +0 scale mail (worn)
 c - a +0 buckler (worn)
 u - a +1 pair of gloves
 y - a +1 cloak (worn)
Jewellery
 h - a ring of resist corrosion (left hand)
Wands
 k - a wand of iceblast (10)
 q - a wand of paralysis (26)
Scrolls
 a - 2 scrolls of teleportation
 e - 3 scrolls of fear
 f - 13 scrolls of identify
 g - 2 scrolls of silence
 o - a scroll of fog
 p - a scroll of amnesia {unknown}
 t - a scroll of blinking
Potions
 d - a potion of might
 i - 3 potions of cancellation {unknown}
 l - 3 potions of brilliance {unknown}
 m - 2 potions of curing
 n - 2 potions of degeneration {unknown}
 s - 2 potions of invisibility {unknown}
 z - a potion of flight {unknown}
 A - a potion of lignification {unknown}


   Skills:
 + Level 7.7 Fighting
 - Level 16.1 Maces & Flails
 - Level 1.1 Throwing
 + Level 8.4 Armour
 - Level 4.0 Shields


You had 9 spell levels left.
You didn't know any spells.
Your spell library contained the following spells:

 Spells                   Type           Power      Damage    Failure   Level
 Blink                    Tloc           0%         N/A       92%         2
 Ensorcelled Hibernation  Hex/Ice        0%         N/A       92%         2
 Ignite Poison            Fire/Tmut/Pois 0%         N/A       99%         3
 Lesser Beckoning         Tloc           0%         N/A       99%         3
 Mephitic Cloud           Conj/Pois/Air  0%         N/A       99%         3
 Spider Form              Tmut/Pois      0%         N/A       99%         3
 Anguish                  Hex/Necr       0%         N/A       100%        4
 Freezing Cloud           Conj/Ice/Air   0%         6-21      100%        5
 Manifold Assault         Tloc           0%         N/A       100%        5
 Storm Form               Tmut/Air       0%         N/A       100%        7


Dungeon Overview and Level Annotations

Branches:
Dungeon (9/15)             Temple (1/1) D:7            Lair (1/6) D:8
  Sewer (visited)
    Orc: D:9-12

Altars:
Ashenzari
Cheibriados
Dithmenos
Elyvilon
Fedhas
Gozag
Hepliaklqana
Kikubaaqudgha
Makhleb
Nemelex Xobeh
Okawaru
Qazlal
Ru
Sif Muna
Trog
Uskayaw
Vehumet
Wu Jian
Xom
Yredelemnul
Zin
The Shining One


Innate Abilities, Weirdness & Mutations

You have a pair of horns on your head.
You reflexively headbutt those who attack you in melee.


Message History

You are poisoned.
The black mamba poisons you!
You feel very sick.
The black mamba bites you but does no damage.
You block the hell rat's attack.
You feel very sick. The black mamba bites you! The black mamba bites you.
You feel sick.
The hell rat bites the fungus!!
The fungus begins to die.
You block the black mamba's attack.
You feel sick.
You feel sick. The black mamba closely misses you.
You feel sick. You block the black mamba's attack.
You feel sick.
A nearby fungus withers and dies.
You feel sick. You block the black mamba's attack.
You feel sick.
The black mamba bites you but does no damage.
You feel sick.
You are no longer poisoned.
The black mamba misses you.
The black mamba bites you but does no damage.
The black mamba closely misses you. You furiously retaliate!
You headbutt the black mamba, but do no damage.
The black mamba bites you but does no damage.
The black mamba closely misses you. You furiously retaliate!
You headbutt the black mamba!
The black mamba bites you but does no damage.
The black mamba bites you!
* * * LOW HITPOINT WARNING * * *
The black mamba completely misses you. You furiously retaliate!
You headbutt the black mamba. The black mamba closely misses you.
The black mamba bites you!
* * * LOW HITPOINT WARNING * * *
You are lethally poisoned!
The black mamba poisons you!
* * * LOW HITPOINT WARNING * * *
You feel very sick. The black mamba bites you.
* * * LOW HITPOINT WARNING * * *
You die...

##..####.......r.#
#...####.........#
....#.##.........#
...............D.#
[....####.....r..##
...### #.........#
.### #.......S.# ##
#.........#
#.......@##
##########


You could see a six-headed hydra, a black mamba and a hell rat.

Vanquished Creatures
  Joseph (D:8)
  A cane toad (Lair:1)
  An unseen horror (D:7)
  A komodo dragon (D:8)
  Prince Ribbit (D:7)
  Grinder (D:5)
  5 yaks
  2 steam dragons (D:6)
  3 water moccasins
  3 black bears
  2 orc warriors
  2 sky beasts
  An ogre (D:4)
  2 necrophages
  2 centaurs (D:8)
  4 kobold brigands
  A bullfrog (D:8)
  A gnoll sergeant (D:8)
  2 scorpions
  2 water moccasin zombies
  A water moccasin skeleton (D:6)
  7 wights
  An electric eel (Lair:1)
  A bullfrog zombie (D:5)
  2 centaur zombies (D:5)
  3 jellies
  Crazy Yiuf (D:6)
  A centaur skeleton (D:7)
  5 orc priests
  3 hounds
  3 iguanas
  5 orc wizards
  A killer bee zombie (D:4)
  A hound zombie (D:5)
  A howler monkey zombie (D:5)
  7 gnolls
  10 adders
  2 white imps
  An ufetubus (D:5)
  An adder zombie (D:5)
  4 dart slugs
  A worm (D:2)
  16 orcs
  19 ball pythons
  6 bats
  3 endoplasms
  8 giant cockroaches
  9 goblins
  12 hobgoblins
  29 kobolds
  2 quokkas
  2 frilled lizards
  11 rats
217 creatures vanquished.

Vanquished Creatures (collateral kills)
  A cane toad (Lair:1)
  A water moccasin (Lair:1)
2 creatures vanquished.

Vanquished Creatures (others)
  2 gnolls (D:6)
  A fungus (Lair:1)
  6 plants (D:8)
9 creatures vanquished.

Grand Total: 228 creatures vanquished

Notes
Turn   | Place    | Note
-------+----------+-------------------------------------------
     0 | D:1      | nickcage the Minotaur Fighter began the quest for the Orb.
     0 | D:1      | Reached XP level 1. HP: 19/19 MP: 0/0
    48 | D:1      | Reached skill level 3 in Maces & Flails
   217 | D:1      | Reached XP level 2. HP: 26/26 MP: 1/1
   821 | D:1      | Reached skill level 4 in Maces & Flails
   956 | D:1      | Reached XP level 3. HP: 31/31 MP: 2/2
  1177 | D:1      | Found a faded altar of an unknown god.
  1353 | D:2      | Found the +6 lightning scales {swift, rElec}
  1760 | D:2      | Reached skill level 5 in Maces & Flails
  2048 | D:2      | Reached XP level 4. HP: 39/39 MP: 3/3
  2935 | D:3      | Reached skill level 6 in Maces & Flails
  3326 | D:4      | Reached XP level 5. HP: 45/45 MP: 4/4
  3347 | D:4      | Reached skill level 7 in Maces & Flails
  3605 | D:4      | Noticed a necrophage
  3607 | D:4      | Killed a necrophage
  3608 | D:4      | Reached XP level 6. HP: 51/51 MP: 5/5
  3660 | D:4      | Reached skill level 8 in Maces & Flails
  3813 | D:4      | Reached skill level 9 in Maces & Flails
  3900 | D:4      | Reached XP level 7. HP: 57/57 MP: 6/6
  4351 | D:4      | Reached skill level 10 in Maces & Flails
  4518 | D:5      | Entered Level 5 of the Dungeon
  4732 | D:5      | Found a snail-covered altar of Cheibriados.
  4778 | D:5      | Found an ornate altar of the Wu Jian Council.
  4779 | D:5      | Found a radiant altar of Vehumet.
  4783 | D:5      | Noticed a yak
  4785 | D:5      | Noticed a yak
  4805 | D:5      | Killed a yak
  4818 | D:5      | Noticed a yak
  4818 | D:5      | Noticed a yak
  4833 | D:5      | Noticed a yak
  4838 | D:4      | Killed a yak
  4839 | D:4      | Reached skill level 11 in Maces & Flails
  4839 | D:4      | Reached XP level 8. HP: 46/64 MP: 7/7
  5204 | D:5      | Reached skill level 12 in Maces & Flails
  5204 | D:5      | Reached skill level 1 in Throwing
  5383 | D:5      | Noticed Grinder
  5420 | D:5      | Reached skill level 13 in Maces & Flails
  5425 | D:5      | Killed Grinder
  5718 | D:5      | Reached XP level 9. HP: 69/71 MP: 8/8
  6055 | D:6      | HP: 3/71 [gnoll/+0 whip (5)]
  6368 | D:6      | Found a glowing drain.
  6391 | D:6      | Reached skill level 5 in Armour
  6406 | Sewer    | Entered a sewer
  6826 | Sewer    | Reached skill level 14 in Maces & Flails
  7172 | D:6      | Reached skill level 5 in Fighting
  7343 | D:6      | Found a runed translucent door.
  7344 | D:6      | Noticed Crazy Yiuf
  7348 | D:6      | Killed Crazy Yiuf
  7967 | D:7      | Found a staircase to the Ecumenical Temple.
  7990 | Temple   | Entered the Ecumenical Temple
  8301 | Temple   | Became a worshipper of Qazlal Stormbringer
  8478 | D:7      | Noticed Prince Ribbit
  8485 | D:7      | Killed Prince Ribbit
  8530 | D:7      | Found a burning altar of Makhleb.
  8625 | D:7      | Found an ancient bone altar of Kikubaaqudgha.
  8739 | D:7      | Killed an unseen horror
  8740 | D:7      | Reached XP level 10. HP: 31/83 MP: 9/9
  9009 | D:7      | Reached skill level 15 in Maces & Flails
  9237 | D:8      | Reached * piety under Qazlal
  9718 | D:8      | Found a staircase to the Lair.
  9721 | D:8      | Noticed Joseph
  9746 | D:8      | Killed Joseph
 10439 | D:9      | Noticed a rakshasa
 10440 | D:9      | Noticed a boulder beetle
 10494 | Lair:1   | Entered Level 1 of the Lair of Beasts
 10498 | Lair:1   | Noticed a cane toad
 10507 | Lair:1   | Killed a cane toad
 10508 | Lair:1   | Reached skill level 16 in Maces & Flails
 10774 | Lair:1   | Noticed a cane toad
 10782 | Lair:1   | Killed a cane toad
 11173 | Lair:1   | Found a burning altar of Makhleb.
 11224 | Lair:1   | Noticed a six-headed hydra
 11299 | Lair:1   | Noticed a black mamba
 11328 | Lair:1   | Succumbed to a black mamba's poison

Illustrated notes

Levels and vault maps discovered:
D:1:      minmay_arrival_split_and_join, layout_loops_corners,
          shapermc_ecumenical_altar_hornbeckon, fountainhead
D:2:      layout_loops_corners, serial_co_window_serial, co_window_corner_a,
          co_window_of_opportunity_a, co_window_of_opportunity_a,
          co_window_corner_a, co_window_paths_b, co_window_of_opportunity_b,
          co_window_2corner, co_window_2corner, co_window_corner_ca,
          co_window_corner_ca, co_window_paths_c, co_window_paths_d,
          co_window_4corner_a, glass_columns_b, glass_columns_c,
          minmay_pentomino_pile
D:3:      layout_rooms, minmay_hedge_maze, nrook_mini_vaults
D:4:      minmay_door_path, layout_rooms, kennysheep_generic_room_16
D:5:      layout_basic, cheibriados_altar_1, mainiacjoe_overflow_divided_tiny,
          uniq_grinder
D:6:      layout_cave_pods, gup_sewer_entry_glass, uniq_crazy_yiuf_cottage
D:7:      layout_basic, makhleb_heckhound_becter, amcnicky_altar_gilded,
          minmay_temple_entry_grid, uniq_prince_ribbit1
D:8:      layout_loops_ring, david_lair_shrubbed, uniq_joseph
D:9:      layout_cave_pools, small_statue_intersection, minmay_misc_feat_hallway
Temple:   minmay_crystal_spiral_temple
Lair:1:   layout_gridlike, basic_altar, chequers_serial_rivers_small_3,
          kennysheep_abandoned_house

Skill      XL: |  1  2  3  4  5  6  7  8  9 10 |
---------------+-------------------------------+-----
Maces & Flails | 3 4 5 6 7 9 11 13 14 16 | 16.1
Throwing       | 1 |  1.1
Fighting       | 4 6 7 |  7.7
Armour         | 4 7 8 |  8.4
Shields        | 4 |  4.0

Action                   |  1- 3 |  4- 6 |  7- 9 | 10-12 || total
-------------------------+-------+-------+-------+-------++-------
Melee: Flail             |    97 |    98 |       |       ||   195
       Headbutt          |    11 |    17 |    40 |    19 ||    87
       Morningstar       |       |     1 |   279 |   114 ||   394
Throw: Stone             |       |     1 |       |       ||     1
       Boomerang         |       |     1 |       |       ||     1
       Dart              |       |       |     7 |     8 ||    15
  Use: Scroll            |       |     5 |     9 |     2 ||    16
       Potion            |       |     1 |     1 |     2 ||     4
Armor: Scale mail        |    40 |    30 |   105 |    49 ||   224
Dodge: Dodged            |    32 |    33 |    90 |    48 ||   203
Block: Buckler           |    22 |    12 |    54 |    26 ||   114
